Map: Ascension to Aiur LE

Players

Jettorix

  • Race: Protoss Protoss
  • League: Grandmaster
  • Spawn Location: 5:00

A.I. 1 (Very Easy) - Winner!

  • Race: Terran Terran
  • Spawn Location: 11:00

VOD

Have the link to the VOD?

Description

Time

  • Played on: Nov. 25, 2017, 2:34 p.m.
  • Length: 2:21
Show
View Real Time Build Order
Export as new Build Order

Jettorix Protoss 

Build Orders: 1 Gate Expand 

Get SALT Encoding   

  6  0:01  Probe  
  13  0:13  Probe  
  14  0:18  Pylon  
  14  0:25  Probe (Chrono Boost)  
  15  0:36  Gateway  
  15  0:38  Probe (Chrono Boost)  
  17  0:43  Probe (Chrono Boost)  
  17  0:45  Assimilator  
  17  0:53  Probe  
  18  1:05  Probe  
  19  1:18  Nexus  
  19  1:27  Cybernetics Core  
  19  1:31  Probe (Chrono Boost)  
  20  1:39  Assimilator  
  21  1:41  Probe (Chrono Boost)  
  21  1:45  Probe  
  22  1:49  Pylon  
  22  1:57  Probe  
Show
View Real Time Build Order
Export as new Build Order

A.I. 1 (Very Easy) Terran - Winner!

Build Orders:  

Get SALT Encoding   

  6  0:00  SCV  
  13  0:13  SCV  
  14  0:19  Supply Depot  
  14  0:37  Refinery  
  14  0:42  Barracks  
  14  1:04  Supply Depot  
  14  1:13  Refinery  
  14  1:30  Marine  
  14  1:31  Orbital Command  
  15  1:56  SCV  
  16  2:08  SCV  
Tags
 
Add a new tag
Caveats
  • Supply blocks, unpowered buildings, or Contaminate may cause inaccurate times.
  • Supply counts are checked every 10 seconds.